 Dungeon Crawl Stone Soup version 0.20-a0-351-gc9b4002 (webtiles) character file.

423515 Faca the Executioner (level 22, 0/213 HPs)
             Began as a Minotaur Berserker on Dec 26, 2016.
             Was the Champion of Trog.
             Slain by a vampire knight
             ... wielding a cursed -3 halberd
              (15 damage)
             ... on level 4 of the Depths on Dec 27, 2016.
             The game lasted 04:10:48 (43627 turns).

Faca the Executioner (Minotaur Berserker)          Turns: 43627, Time: 04:10:49

Health: 0/213      AC: 37    Str: 26    XL:     22   Next: 70%
Magic:  30/30      EV: 22    Int: 10    God:    Trog [******]
Gold:   4118       SH:  0    Dex: 17    Spells: 21/21 levels left

rFire  + + .     SeeInvis +     X - +7 executioner's axe "Camaot" {speed, rF+ MR+ Int+3}
rCold  + + .     Gourm    .     P - +5 crystal plate armour {rC+}
rNeg   . . .     Faith    .     (shield currently unavailable)
rPois  +         Spirit   .     (helmet restricted)
rElec  .         Reflect  .     Z - +2 cloak {rPois}
rCorr  .         Harm     .     v - +0 pair of gloves of Altruism {rF+ rC+ MR- MP+9}
MR     +....                    Y - +0 pair of boots
Stlth  ..........               I - amulet of regeneration
                                T - ring of Shaolin {EV+8}
                                j - ring of see invisible

@: heavily drained
A: retaliatory headbutt, horns 2, agile 1, clever 1
}: 2/15 runes: decaying, gossamer
a: Berserk, Trog's Hand, Brothers in Arms, Burn Spellbooks, Renounce Religion


You were on level 4 of the Depths.
You worshipped Trog.
Trog was exalted by your worship.
You were not hungry.

You visited 7 branches of the dungeon, and saw 39 of its levels.
You visited the Abyss 1 time.
You also visited: Labyrinth, Trove, Ice Cave and Volcano.

You collected 4932 gold pieces.
You spent 814 gold pieces at shops.

Inventory:

Hand Weapons
 y - the +11 shortbow "Vaivuq" {venom, MR+ Str+4}
   (You bought it in a shop on level 2 of the Orcish Mines)

   It poisons the ammo it fires.
   It affects your strength (+4).
   It affects your resistance to hostile enchantments.
 A - the +9 arbalest of Law {freeze, rElec rN+}
   (You found it on level 2 of the Vaults)

   It causes projectiles fired from it to freeze those they strike, causing
   extra injury to most foes and up to half again as much damage against
   particularly susceptible opponents.
   They can also slow down cold-blooded creatures.
   It insulates you from electricity.
   It protects you from negative energy.
 C - the +7 arbalest of the Establishment {elec, +Blink +Inv rN+}
   (You bought it in a shop on level 2 of the Orcish Mines)

   It charges the ammunition it shoots with electricity; occasionally upon a
   hit, such missiles may discharge and cause terrible harm.
   It protects you from negative energy.
   It lets you turn invisible.
   It lets you blink.
 X - the +7 executioner's axe "Camaot" (weapon) {speed, rF+ MR+ Int+3}
   (Trog gifted it to you on level 3 of the Depths)

   Attacks with this weapon are significantly faster.
   It affects your intelligence (+3).
   It protects you from fire.
   It affects your resistance to hostile enchantments.
Missiles
 u - 1120 arrows
 G - 1443 bolts
Armour
 v - the +0 pair of gloves of Altruism (worn) {rF+ rC+ MR- MP+9}
   (You found it in a volcano)

   It protects you from fire.
   It protects you from cold.
   It affects your resistance to hostile enchantments.
   It affects your magic capacity (+9).
 P - a +5 crystal plate armour of cold resistance (worn)
 Y - a +0 pair of boots (worn)
 Z - a +2 cloak of poison resistance (worn)
Jewellery
 j - a ring of see invisible (left hand)
 H - the amulet of Quhoiq {+Rage rF+ rC+ MR+}
   (You acquired it on level 3 of the Depths)

   [amulet of rage]

   It protects you from fire.
   It protects you from cold.
   It affects your resistance to hostile enchantments.
   It lets you go berserk.
 I - an amulet of regeneration (around neck)
 T - the ring of Shaolin (right hand) {EV+8}
   (You found it on level 5 of the Lair of Beasts)

   [ring of evasion]

   It affects your evasion (+8).
Wands
 r - a wand of digging (9/24)
 z - a wand of disintegration (8/24)
 D - a wand of iceblast (9/15)
 Q - a wand of lightning (8/15)
Scrolls
 b - 20 scrolls of teleportation
 e - 3 scrolls of magic mapping
 h - 4 scrolls of blinking
 n - 2 scrolls of brand weapon
 p - 2 scrolls of enchant weapon
 t - 19 scrolls of remove curse
 w - 2 scrolls of silence
 J - 6 scrolls of identify
 L - 3 scrolls of fear
 O - 5 scrolls of fog
 R - a scroll of holy word
 S - a scroll of summoning
 U - 5 scrolls of recharging
 V - a scroll of enchant armour
Potions
 a - 4 potions of lignification
 d - 7 potions of heal wounds
 f - 10 potions of brilliance
 g - 10 potions of might
 l - 9 potions of curing
 m - 4 potions of haste
 q - 3 potions of resistance
 s - 6 potions of flight
 B - 6 potions of invisibility
 E - 2 potions of cancellation
 F - 6 potions of agility
 M - 2 potions of cure mutation
 N - a potion of ambrosia
 W - a potion of berserk rage
Comestibles
 c - 8 bread rations
 i - 20 beef jerkies
 k - 2 royal jellies
 x - 8 meat rations
 K - 7 slices of pizza


   Skills:
 + Level 21.1(17.4) Fighting
 + Level 21.3(17.5) Axes
 + Level 15.0(11.7) Bows
 + Level 14.8(11.5) Crossbows
 + Level 20.7(17.0) Armour
 + Level 19.5(15.9) Dodging


You had 21 spell levels left.
You didn't know any spells.

Dungeon Overview and Level Annotations

Branches:
Dungeon (15/15)            Temple (0/1) D:4            Lair (6/6) D:10
  Swamp (4/4) Lair:3       Spider (4/4) Lair:2        Slime (0/5) Lair:5
    Orc (2/2) D:12            Elf (0/3) Orc:2        Vaults (4/5) D:13
  Crypt (0/3) Vaults:2     Depths (4/5) D:15

Altars:
Ashenzari
Cheibriados
Elyvilon
Fedhas
Makhleb
Nemelex Xobeh
Okawaru
Qazlal
Ru
Vehumet
Yredelemnul
Zin
The Shining One
Beogh

Shops:
D:8 ?   D:12 [   Orc:2 ([(((%   Vaults:1 (   Vaults:3 [

Portals:
Hell: Lair:6 Depths:1 Depths:2 Depths:3 Depths:4
Abyss: Depths:2
Pandemonium: Depths:1 Depths:3
Ziggurat: Depths:2

Annotations:
D:9 1 runed door


Innate Abilities, Weirdness & Mutations

You reflexively headbutt those who attack you in melee.
You have a pair of horns on your head.
You are agile. (Dex +2)
Your mind is acute. (Int +2)


Message History

You barely miss the vampire knight.
The vampire knight is infused with unholy energy.
* * * LOW HITPOINT WARNING * * *
The vampire knight draws life force from you and is healed!
The vampire knight misses you.
The shadow dragon bites you but does no damage.
The shadow dragon claws you but does no damage.
The shadow dragon misses you.
You slice the vampire knight!!
You destroy the vampire knight!
Trog accepts your kill.
Trog appreciates your killing of a magic user.
You slash the shadow dragon!
The vampire knight completely misses you.
Unknown command.
The shadow dragon breathes negative energy at you.
The bolt of negative energy hits you!
You feel drained.
* * * LOW HITPOINT WARNING * * *
The vampire knight hits you with a halberd!
You die...

#########..######### #..#
#.+ #######..#######.#
.................##########
...........................
####..#############..#####
#.. ############<)######
.... ........D...........
.... ....>..@.........$..
####. .......V.....#######
.............#
.............#
.............#
.............#
...............
...............
##..#########


You could see a shadow dragon and a vampire knight (invisible).

Vanquished Creatures
  A juggernaut (Depths:3)
  Sojobo (Vaults:2)
  3 caustic shrikes (Depths:3)
  The ghost of cptwinky the Executioner, a veteran DsBe of Trog (Vaults:4)
  Saint Roka (Vaults:3)
  Nikola (Vaults:3)
  Arachne (Spider:1)
  A lich (Depths:2)
  3 tentacled monstrosities
  Rupert (Lair:3)
  The ghost of shinino the Executioner, an adept MiBe of Trog (Spider:4)
  Asterion (Depths:2)
  2 thorn hunters (Swamp:3)
  5 sphinxes
  3 tengu reavers
  The ghost of BlueFish the Champion of Chaos, an adept MiFi of Makhleb (Orc:2)
  3 storm dragons (Depths:3)
  A shadow dragon (Depths:3)
  2 azure jellies (Vaults:3)
  3 deep elf sorcerers
  2 iron dragons
  An orc warlord (Orc:2)
  12 fire giants
  4 frost giants
  Aizul (Vaults:3)
  2 ghost moths (Spider:4)
  9 vault wardens
  6 emperor scorpions
  A spriggan defender (Depths:3)
  2 angels (Vaults:3)
  A deep elf elementalist (Depths:3)
  A reaper (IceCv)
  12 very ugly things
  13 ironheart preservers
  5 vampire knights
  8 entropy weavers
  14 stone giants
  8 spark wasps
  A red draconian (Volcano)
  12 fire dragons
  2 deep elf death magi (Depths:3)
  15 ettins
  A minotaur (Lab)
  2 great orbs of eyes
  16 ogre magi
  9 yaktaur captains
  A jiangshi (Vaults:2)
  11 vault guards
  Fannar (Lair:3)
  2 catoblepae
  6 ice dragons
  22 hydras
  4 rakshasas
  A spriggan air mage (Depths:3)
  2 death knights
  14 centaur warriors
  6 deep troll shamans
  6 death yaks
  9 alligators
  4 vampire magi
  51 two-headed ogres
  A queen ant (Spider:1)
  5 deep troll earth magi
  3 tengu warriors
  2 hell hogs (Depths:2)
  A spriggan berserker (Depths:3)
  A shock serpent (shapeshifter) (D:13)
  A shock serpent (Vaults:3)
  Urug (Lair:2)
  An orc high priest (Orc:2)
  A spriggan (Swamp:1)
  Nergalle (Orc:1)
  8 hell knights
  A storm dragon zombie (Vaults:2)
  9 skeletal warriors
  5 iron trolls
  A sixfirhy (Lair:6)
  4 spriggan druids
  4 flayed ghosts
  An orange crystal statue (Depths:1)
  7 swamp dragons
  2 deep elf archers
  19 deep trolls
  An unseen horror (shapeshifter) (Vaults:2)
  3 unseen horrors
  A phantasmal warrior (Vaults:4)
  2 glowing orange brains
  10 wizards
  2 lindwurms (Swamp:4)
  A wolf spider zombie (D:15)
  9 ironbrand convokers
  10 necromancers
  11 orc knights
  9 harpies
  8 deep elf magi
  A harpy (shapeshifter) (Depths:3)
  An orb spider (shapeshifter) (Depths:1)
  35 wolf spiders
  A sphinx zombie (Vaults:4)
  13 orb spiders
  21 ugly things
  6 orc sorcerers
  A salamander (shapeshifter) (Depths:4)
  5 cyclopes
  2 centaur zombies
  2 naga magi (Vaults:3)
  6 black mambas
  4 moths of wrath
  9 vault sentinels
  A torpor snail (Lair:6)
  2 molten gargoyles (Volcano)
  13 spiny frogs
  A gargoyle (Vaults:3)
  4 ice statues
  5 freezing wraiths
  A kobold demonologist (D:12)
  3 orange demons (Lair:6)
  7 komodo dragons
  A spiny frog (shapeshifter) (Vaults:3)
  47 yaktaurs
  3 rime drakes
  An efreet (D:13)
  An anaconda simulacrum (Vaults:3)
  8 demonic crawlers
  A merfolk (shapeshifter) (Vaults:4)
  A hellwing (Lair:6)
  11 ice devils
  A queen bee (shapeshifter) (D:15)
  7 trolls
  A polar bear (Lair:5)
  A red devil (Lair:6)
  33 jumping spiders
  A shadow dragon simulacrum (Depths:1)
  2 hornets (shapeshifter)
  6 tyrant leeches
  7 bog bodies
  23 blink frogs
  11 hornets
  55 slime creatures
  16 hippogriffs
  2 raiju (Vaults:3)
  An ettin zombie (Vaults:2)
  A hippogriff (shapeshifter) (Vaults:3)
  An ice dragon zombie (Depths:1)
  A stone giant simulacrum (Vaults:2)
  Sigmund (D:2)
  3 shadows
  A centaur simulacrum (D:14)
  73 redbacks
  A tarantella (shapeshifter) (Vaults:2)
  An ice dragon skeleton (Depths:1)
  A spriggan skeleton (Depths:1)
  3 wraiths
  3 water elementals (Depths:1)
  4 wyverns
  32 tarantellas
  A vampire (D:13)
  2 fire bats (Volcano)
  5 basilisks
  20 humans (D:13)
  33 yaks
  A human (shapeshifter) (Vaults:4)
  A tyrant leech zombie (Swamp:3)
  21 vampire mosquitoes
  5 hungry ghosts
  4 steam dragons
  2 harpy simulacra (Vaults:3)
  16 soldier ants
  6 insubstantial wisps (Swamp:1)
  19 swamp worms
  5 wargs
  10 hell hounds
  A soldier ant (shapeshifter) (Depths:3)
  2 acid dragons
  15 water moccasins
  A floating eye (Depths:3)
  A hornet zombie (Swamp:3)
  9 porcupines
  An eye of draining (shapeshifter) (Vaults:1)
  56 orc warriors
  4 sky beasts
  14 swamp drakes
  2 black bears
  A phantom (D:9)
  6 ice beasts
  3 eyes of draining
  2 human zombies (Vaults:4)
  8 necrophages
  A swamp dragon zombie (Swamp:3)
  26 ogres
  11 boggarts
  2 black mamba simulacra (Vaults:3)
  23 wolves
  20 centaurs
  2 human skeletons
  19 crocodiles
  4 big kobolds
  2 earth elementals (Vaults:3)
  19 bullfrogs
  A gnoll sergeant (D:12)
  A wyvern zombie (D:14)
  5 scorpions
  8 wights
  2 howler monkeys (D:10)
  2 electric eels
  8 crimson imps
  9 lava snakes
  2 quasits
  7 hounds
  29 orc priests
  2 jellies
  3 bullfrog skeletons
  3 centaur skeletons
  A gnoll shaman (D:5)
  33 orc wizards
  3 iguanas
  4 lightning spires (Vaults:3)
  25 worker ants
  A troll simulacrum (Vaults:3)
  A mummy (D:8)
  Robin (D:2)
  2 worker ant zombies
  A howler monkey skeleton (D:5)
  2 naga simulacra (Vaults:3)
  15 adders
  7 gnolls
  A shadow imp (D:14)
  21 white imps
  8 ufetubi (IceCv)
  2 oozes
  14 worms
  9 leopard geckos
  117 orcs
  6 bats
  3 giant cockroaches
  17 goblins
  10 hobgoblins
  10 jackals
  22 kobolds
  7 quokkas
  3 ball pythons
  7 frilled lizards
  A jackal skeleton (D:5)
  2 leopard gecko zombies (D:7)
  A quokka skeleton (D:5)
  6 rats
  5 briar patches (Swamp:3)
  A bush (Lair:6)
  A butterfly (Lair:2)
  9 fungi
  3 plants
1863 creatures vanquished.

Vanquished Creatures (collateral kills)
  A juggernaut (Depths:3)
  An acid blob (shapeshifter) (Depths:3)
  A tengu reaver (Vaults:1)
  A frost giant (Depths:3)
  A centaur warrior (Depths:2)
  2 two-headed ogres (Vaults:1)
  A yaktaur (Vaults:2)
  2 redbacks (Vaults:2)
  An eye of draining (shapeshifter) (Vaults:2)
  An orc warrior (Vaults:1)
  A boggart (Vaults:1)
13 creatures vanquished.

Vanquished Creatures (others)
  A fire giant (Depths:2)
  A ghost moth (Spider:4)
  A vault guard (Vaults:4)
  A two-headed ogre (Depths:2)
  A hell hog (Depths:2)
  A shadow wraith (Vaults:3)
  A deep troll (Vaults:2)
  A swamp dragon (Swamp:4)
  A lindwurm (Swamp:4)
  A yaktaur (Depths:3)
  A redback (Spider:1)
  2 vampire mosquitoes (Swamp:1)
  A steam dragon (Swamp:4)
  3 swamp drakes (Swamp:4)
  A boggart (Depths:2)
  2 white imps (IceCv)
  2 ufetubi (IceCv)
  3 ball lightnings (Vaults:3)
  2 orcs (Vaults:3)
  10 fungi
  10 plants
47 creatures vanquished.

Grand Total: 1923 creatures vanquished

Notes
Turn   | Place    | Note
-------+----------+-------------------------------------------
     0 | D:1      | Faca the Minotaur Berserker began the quest for the Orb.
     0 | D:1      | Reached XP level 1. HP: 19/19 MP: 0/0
   114 | D:1      | Reached XP level 2. HP: 23/27 MP: 1/1
   648 | D:2      | Reached XP level 3. HP: 33/33 MP: 2/2
   649 | D:2      | Reached ** piety under Trog
   962 | D:2      | Noticed Sigmund
   999 | D:2      | Killed Sigmund
   999 | D:2      | Reached skill level 5 in Fighting
   999 | D:2      | Reached XP level 4. HP: 28/42 MP: 3/3
   999 | D:2      | Reached XP level 5. HP: 32/48 MP: 4/4
  1282 | D:2      | Noticed Robin
  1294 | D:2      | Killed Robin
  1389 | D:3      | Reached skill level 5 in Axes
  1389 | D:3      | Reached XP level 6. HP: 54/56 MP: 5/5
  1398 | D:3      | Reached *** piety under Trog
  2549 | D:4      | Reached skill level 5 in Armour
  2627 | D:4      | Noticed a water elemental
  2629 | D:4      | Found a stormy altar of Qazlal.
  2632 | D:4      | Noticed a fire elemental
  2633 | D:4      | Noticed an air elemental
  2672 | D:4      | Reached XP level 7. HP: 59/62 MP: 6/6
  2687 | D:4      | Reached **** piety under Trog
  3096 | D:4      | Found a staircase to the Ecumenical Temple.
  3489 | D:5      | Entered Level 5 of the Dungeon
  3627 | D:5      | Reached skill level 5 in Dodging
  4299 | D:5      | Reached XP level 8. HP: 63/71 MP: 7/7
  4846 | D:6      | Found a white marble altar of Elyvilon.
  4874 | D:6      | Found a basalt altar of Yredelemnul.
  5279 | D:7      | Found a basalt altar of Yredelemnul.
  5330 | D:7      | Found a white marble altar of Elyvilon.
  5377 | D:7      | Noticed a hippogriff
  5389 | D:7      | Killed a hippogriff
  5685 | D:7      | Reached ***** piety under Trog
  5705 | D:7      | Reached XP level 9. HP: 79/81 MP: 8/8
  6055 | D:8      | Found Plog's Magic Scroll Emporium.
  6065 | D:8      | Bought a scroll of identify for 30 gold pieces
  6065 | D:8      | Bought a scroll of identify for 30 gold pieces
  6065 | D:8      | Bought a scroll of identify for 30 gold pieces
  6065 | D:8      | Bought a scroll of identify for 30 gold pieces
  6130 | D:8      | Found an iron altar of Okawaru.
  6173 | D:8      | Found a snail-covered altar of Cheibriados.
  7041 | D:9      | Reached XP level 10. HP: 91/91 MP: 9/9
  7298 | D:9      | Got a pair of shimmering gloves
  7309 | D:9      | Identified the cursed -1 pair of gloves of Noutrah {rN+ Str+3} (You found it on level 9 of the Dungeon)
  7337 | D:9      | Found a glowing silver altar of Zin.
  7337 | D:9      | Noticed an angel
  7338 | D:9      | Found a runed door.
  7597 | D:9      | Gained mutation: You are agile. (Dex +2) [potion of mutation]
  7597 | D:9      | Gained mutation: You tend to lose your temper in combat. [potion of mutation]
  7597 | D:9      | Lost mutation: You tend to lose your temper in combat. [potion of mutation]
  7723 | D:10     | Entered Level 10 of the Dungeon
  7884 | D:10     | Reached skill level 10 in Axes
  8076 | D:10     | Found a sparkling altar of Nemelex Xobeh.
  8163 | D:10     | Reached skill level 10 in Fighting
  8344 | D:10     | Found a staircase to the Lair.
  8375 | D:10     | Got a slimy spear
  8376 | D:10     | Identified the +10 spear of Greatest Utility {antimagic, *Rage rN++ Int+3 Stlth+} (You found it on level 10 of the Dungeon)
  8684 | D:11     | Noticed a green ugly thing
  8695 | D:11     | Killed a green ugly thing
  8804 | D:11     | Reached skill level 10 in Armour
  8948 | D:11     | Noticed a two-headed ogre
  8958 | D:11     | Killed a two-headed ogre
  9245 | D:11     | Noticed an eight-headed hydra
  9254 | D:11     | Killed an eight-headed hydra
  9254 | D:11     | Reached XP level 11. HP: 44/101 MP: 3/10
  9378 | D:11     | Found a portal to a secret trove of treasure.
  9704 | D:12     | Reached ****** piety under Trog
  9705 | D:12     | Noticed a two-headed ogre
  9726 | D:12     | Reached skill level 10 in Dodging
  9729 | D:12     | Killed a two-headed ogre
  9729 | D:12     | Received a gift from Trog
  9842 | D:12     | Found a frozen archway.
  9863 | IceCv    | Entered an ice cave
 10211 | IceCv    | Noticed a reaper
 10220 | IceCv    | Killed a reaper
 10984 | D:12     | Received a gift from Trog
 11070 | D:12     | Found a staircase to the Orcish Mines.
 11222 | D:12     | Reached XP level 12. HP: 112/112 MP: 11/11
 11523 | D:12     | Found Ovuakkit's Antique Armour Shop.
 11532 | D:12     | Bought a pair of boots for 117 gold pieces
 11656 | Lair:1   | Entered Level 1 of the Lair of Beasts
 12254 | Lair:1   | Noticed a six-headed hydra
 12266 | Lair:1   | Killed a six-headed hydra
 12353 | Lair:2   | Found a hole to the Spider Nest.
 12417 | Lair:2   | Found a dark tunnel.
 12435 | Volcano  | Entered a volcano
 12470 | Volcano  | Received a gift from Trog
 12681 | Volcano  | Found a burning altar of Makhleb.
 12681 | Volcano  | Noticed a two-headed ogre
 12681 | Volcano  | Noticed an ogre mage
 12681 | Volcano  | Noticed a two-headed ogre
 12681 | Volcano  | Noticed a two-headed ogre
 12682 | Volcano  | Killed a two-headed ogre
 12688 | Volcano  | Killed a two-headed ogre
 12688 | Volcano  | Killed a two-headed ogre
 12691 | Volcano  | Killed an ogre mage
 12708 | Volcano  | Noticed a red draconian
 12716 | Volcano  | Killed a red draconian
 12803 | Volcano  | Got a pair of warped gloves
 12814 | Volcano  | Identified the +0 pair of gloves of Altruism {rF+ rC+ MR- MP+9} (You found it in a volcano)
 12832 | Volcano  | Noticed a two-headed ogre
 12837 | Volcano  | Killed a two-headed ogre
 12965 | Lair:2   | Reached XP level 13. HP: 106/122 MP: 12/12
 13251 | Lair:2   | Noticed Urug
 13263 | Lair:2   | Killed Urug
 13702 | Lair:3   | Found a staircase to the Swamp.
 13790 | Lair:3   | Noticed Rupert
 13793 | Lair:3   | Paralysed by Rupert for 3 turns
 13810 | Lair:3   | HP: 1/122 [Rupert/great mace of protection (34)]
 13817 | Lair:3   | HP: 2/122 [Rupert/great mace of protection (12)]
 13821 | Lair:3   | Killed Rupert
 14018 | Lair:3   | Noticed Fannar
 14031 | Lair:3   | Killed Fannar
 15138 | Lair:4   | Received a gift from Trog
 15139 | Lair:4   | Got a fine hand axe {god gift}
 15140 | Lair:4   | Identified the +5 hand axe of Orb Guardian's Curse {antimagic, Fragile rF++ Int+9} (Trog gifted it to you on level 4 of the Lair of Beasts)
 15766 | Lair:5   | Found a sacrificial altar of Ru.
 16340 | Lair:5   | Reached XP level 14. HP: 133/133 MP: 13/13
 16426 | Lair:5   | Found a staircase to the Slime Pits.
 16527 | Lair:6   | Entered Level 6 of the Lair of Beasts
 16613 | Lair:6   | Received a gift from Trog
 16810 | Lair:6   | Reached skill level 15 in Axes
 16957 | Lair:6   | Reached skill level 15 in Fighting
 17106 | Lair:6   | Received a gift from Trog
 17165 | Lair:6   | Found a burning altar of Makhleb.
 17222 | Lair:6   | Reached skill level 15 in Armour
 17233 | Lair:6   | Found a gateway to Hell.
 17644 | Orc:1    | Entered Level 1 of the Orcish Mines
 17673 | Orc:1    | Found a roughly hewn altar of Beogh.
 17929 | Orc:1    | Noticed Nergalle
 17939 | Orc:1    | Killed Nergalle
 18334 | Orc:1    | Paralysed by an orc sorcerer for 4 turns
 18443 | Orc:2    | Entered Level 2 of the Orcish Mines
 18473 | Orc:2    | Found a roughly hewn altar of Beogh.
 18527 | Orc:2    | Found a staircase to the Elven Halls.
 18722 | Orc:2    | Found a roughly hewn altar of Beogh.
 18736 | Orc:2    | Found Xeiseih's Antique Weapon Shop.
 18817 | Orc:2    | Found a roughly hewn altar of Beogh.
 18818 | Orc:2    | Received a gift from Trog
 18927 | Orc:2    | Found a roughly hewn altar of Beogh.
 18928 | Orc:2    | Found Boif's Antique Weapon Emporium.
 19165 | Orc:2    | Found Xoikhlupo's Food Shop.
 19171 | Orc:2    | Noticed BlueFish's ghost (adept MiFi)
 19196 | Orc:2    | Killed BlueFish's ghost
 19253 | Orc:2    | Found Xoirchyvi's Antique Weapon Shoppe.
 19347 | Orc:2    | Noticed an orc warlord
 19383 | Orc:2    | Killed an orc warlord
 19436 | Orc:2    | Paralysed by an orc sorcerer for 7 turns
 19446 | Orc:2    | Received a gift from Trog
 19446 | Orc:2    | Reached XP level 15. HP: 108/143 MP: 14/14
 19511 | Orc:2    | Found Woquug's Antique Weapon Boutique.
 19512 | Orc:2    | Found a roughly hewn altar of Beogh.
 19515 | Orc:2    | Found Meir's Antique Armour Shop.
 19698 | Orc:2    | Bought a jewelled shortbow for 264 gold pieces
 19698 | Orc:2    | Bought a shimmering arbalest for 313 gold pieces
 19698 | Orc:2    | Identified the +11 shortbow "Vaivuq" {venom, MR+ Str+4} (You bought it in a shop on level 2 of the Orcish Mines)
 19699 | Orc:2    | Identified the +7 arbalest of the Establishment {elec, +Blink +Inv rN+} (You bought it in a shop on level 2 of the Orcish Mines)
 19850 | D:13     | Reached skill level 1 in Crossbows
 19864 | D:13     | Reached skill level 1 in Bows
 20330 | D:13     | Received a gift from Trog
 20345 | D:13     | Found a gate to the Vaults.
 20464 | D:13     | Received a gift from Trog
 20921 | D:14     | Found a labyrinth entrance.
 20933 | Lab      | Entered a labyrinth
 21417 | D:14     | Reached skill level 15 in Dodging
 21880 | Swamp:1  | Entered Level 1 of the Swamp
 21932 | Swamp:1  | Received a gift from Trog
 22279 | Swamp:1  | Identified a scroll of acquirement
 22281 | Swamp:1  | Got an encrusted cloak
 22292 | Swamp:1  | Identified the +0 cloak "Vaokhlorch" {rC+} (You acquired it on level 1 of the Swamp)
 22319 | Swamp:1  | Reached skill level 5 in Bows
 22404 | Swamp:1  | Reached XP level 16. HP: 142/152 MP: 15/15
 22406 | Swamp:1  | Received a gift from Trog
 22406 | Swamp:1  | Reached skill level 5 in Crossbows
 22855 | Swamp:2  | Found a blossoming altar of Fedhas.
 23438 | Swamp:3  | Noticed a thorn hunter
 23452 | Swamp:3  | Killed a thorn hunter
 23584 | Swamp:3  | Noticed a thorn hunter
 23594 | Swamp:3  | Killed a thorn hunter
 23863 | Swamp:3  | Received a gift from Trog
 24335 | Swamp:4  | Entered Level 4 of the Swamp
 24528 | Swamp:4  | Received a gift from Trog
 24695 | Swamp:4  | Received a gift from Trog
 25119 | Swamp:4  | Got a decaying rune of Zot
 25353 | Spider:1 | Entered Level 1 of the Spider Nest
 25686 | Spider:1 | Received a gift from Trog
 25798 | Spider:1 | Reached XP level 17. HP: 161/161 MP: 16/16
 26232 | Spider:2 | Received a gift from Trog
 26285 | Spider:2 | Received a gift from Trog
 26301 | Spider:2 | Noticed Arachne
 26320 | Spider:1 | Killed Arachne
 27838 | Spider:4 | Entered Level 4 of the Spider Nest
 27983 | Spider:3 | Received a gift from Trog
 28210 | Spider:4 | Noticed shinino's ghost (adept MiBe)
 28225 | Spider:4 | Killed shinino's ghost
 28786 | Spider:4 | Reached XP level 18. HP: 159/172 MP: 0/17
 28912 | Spider:4 | Reached skill level 10 in Bows
 29016 | Spider:4 | Got a gossamer rune of Zot
 29428 | Vaults:1 | Entered Level 1 of the Vaults
 29476 | Vaults:1 | Received a gift from Trog
 29840 | Vaults:1 | Received a gift from Trog
 29894 | Vaults:1 | Found Fafesch's Weapon Shop.
 30052 | Vaults:1 | Got a twisted plate armour
 30063 | Vaults:1 | Identified the +0 plate armour "Ryexta" {SInv} (You found it on level 1 of the Vaults)
 30485 | Vaults:1 | Reached skill level 10 in Crossbows
 31104 | Vaults:2 | Received a gift from Trog
 31484 | Vaults:2 | Cast into level 3 of the Abyss (a deep elf sorcerer)
 31502 | Vaults:2 | Escaped the Abyss
 31798 | Vaults:2 | Reached XP level 19. HP: 174/181 MP: 18/18
 31882 | Vaults:2 | Got a crystal arbalest
 31883 | Vaults:2 | Identified the +9 arbalest of Law {freeze, rElec rN+} (You found it on level 2 of the Vaults)
 32158 | Vaults:2 | Found a staircase to the Crypt.
 32337 | Vaults:2 | Received a gift from Trog
 32637 | Vaults:3 | Received a gift from Trog
 32702 | Vaults:3 | Noticed Saint Roka
 32901 | Vaults:3 | Killed Saint Roka
 33062 | Vaults:3 | Noticed Nikola
 33076 | Vaults:3 | Killed Nikola
 33275 | Vaults:3 | Received a gift from Trog
 33421 | Vaults:3 | Found Puohol's Antique Armour Shoppe.
 33455 | Vaults:3 | Noticed Sojobo
 33729 | Vaults:2 | Killed Sojobo
 33851 | Vaults:3 | Got a blackened hand crossbow
 33859 | Vaults:3 | Identified the cursed +2 hand crossbow "Rupn" {elec, +Blink} (You found it on level 3 of the Vaults)
 33976 | Vaults:3 | Identified Sif Muna's Compendium of the Mountains
 34182 | Vaults:3 | Found a glowing silver altar of Zin.
 34182 | Vaults:3 | Found a white marble altar of Elyvilon.
 34189 | Vaults:3 | Found a glowing golden altar of the Shining One.
 34319 | Vaults:3 | Noticed Aizul
 34325 | Vaults:3 | Killed Aizul
 34524 | Vaults:3 | Identified the Reference Book on Cold
 34651 | Vaults:3 | Reached XP level 20. HP: 169/191 MP: 19/19
 34778 | Vaults:3 | Identified Ubookhlus's Incunabulum of Lightness
 34886 | Vaults:3 | Received a gift from Trog
 35177 | Vaults:4 | Noticed cptwinky's ghost (veteran DsBe)
 35198 | Vaults:4 | Killed cptwinky's ghost
 35772 | Vaults:4 | Received a gift from Trog
 36045 | Vaults:4 | Received a gift from Trog
 36152 | Vaults:4 | Paralysed by an ogre mage for 6 turns
 36710 | D:15     | Entered Level 15 of the Dungeon
 36783 | D:15     | Found a staircase to the Depths.
 37005 | D:15     | Found a shattered altar of Ashenzari.
 37768 | Depths:1 | Entered Level 1 of the Depths
 37852 | D:15     | Received a gift from Trog
 38278 | Depths:1 | Found a one-way gate leading to the halls of Pandemonium.
 38658 | Depths:1 | Reached XP level 21. HP: 154/201 MP: 20/20
 38754 | Depths:1 | Received a gift from Trog
 39169 | Depths:2 | Noticed Asterion
 39361 | Depths:2 | Killed Asterion
 39411 | Depths:2 | Got a polished long sword
 39412 | Depths:2 | Identified the +4 long sword of Ragnarok {slice, rC+ SInv} (You found it on level 2 of the Depths)
 39483 | Depths:2 | Found a gateway to a ziggurat.
 39671 | Depths:2 | Found a one-way gate to the infinite horrors of the Abyss.
 39713 | Depths:2 | Received a gift from Trog
 40632 | Depths:3 | Received a gift from Trog
 41024 | Depths:3 | Paralysed by a vampire knight for 7 turns
 41379 | Depths:3 | Found a radiant altar of Vehumet.
 41380 | Depths:3 | Found a snail-covered altar of Cheibriados.
 41380 | Depths:3 | Found a glowing silver altar of Zin.
 41451 | Depths:3 | Noticed a caustic shrike
 41459 | Depths:3 | Killed a caustic shrike
 41501 | Depths:3 | Received a gift from Trog
 41521 | Depths:3 | Reached XP level 22. HP: 201/211 MP: 21/21
 41559 | Depths:3 | Gained mutation: Your mind is acute. (Int +2) [potion of beneficial mutation]
 41636 | Depths:3 | Noticed a caustic shrike
 41644 | Depths:3 | Killed a caustic shrike
 41646 | Depths:3 | Noticed a juggernaut
 42191 | Depths:3 | Noticed a caustic shrike
 42199 | Depths:3 | Killed a caustic shrike
 42306 | Depths:3 | Received a gift from Trog
 42506 | Depths:3 | Noticed a juggernaut
 42515 | Depths:3 | Killed a juggernaut
 42517 | Depths:3 | Noticed a golden dragon
 42517 | Depths:3 | a shadow dragon changed into a golden dragon
 42521 | Depths:3 | a golden dragon changed into an acid blob
 42542 | Depths:3 | Received a gift from Trog
 42629 | Depths:3 | Identified the +7 executioner's axe "Camaot" {speed, rF+ MR+ Int+3} (Trog gifted it to you on level 3 of the Depths)
 42639 | Depths:3 | Identified the amulet of Quhoiq {+Rage rF+ rC+ MR+} (You acquired it on level 3 of the Depths)
 42900 | D:11     | You paid a toll of +3 storm dragon scales to enter a treasure trove
 42901 | Trove    | Entered a treasure trove
 43248 | Depths:3 | Killed a juggernaut
 43374 | Depths:3 | Identified the +2 flail of Tartarus {vamp, *Rage Int+6} (You found it on level 3 of the Depths)
 43594 | Depths:4 | Reached skill level 15 in Bows
 43604 | Depths:4 | Paralysed by a vampire knight for 5 turns
 43627 | Depths:4 | Slain by a vampire knight

Vault maps used:
D:1:      dpeg_arrival_pits, kennysheep_another_room
D:2:      uniq_robin, uniq_sigmund
D:3:      minivault_24
D:4:      nicolae_qazlal_style_of_elements
D:5:      first_bread
D:6:      basic_altar, yredelemnul_altar_generic
D:7:      kennysheep_ying_yang
D:8:      lemuel_crystal_altar, okawaru_altar_gauntlet_db, serial_shops,
          shop_scrolls, serial_undead, serial_undead_e, serial_undead_f,
          serial_undead_d, serial_undead_f, serial_undead_a, serial_undead_e,
          grunt_ogre_cave
D:9:      lemuel_blue_sif_altar, lemuel_angel_altar
D:10:     lair_entry_dummy, basic_altar
D:11:     trove_entry_hex_spiral
D:12:     david_orc_4, serial_shops, nicolae_shop_overgrown_old_shop,
          portal_ice_cave_entry_imps
D:13:     grunt_vaults_entry_tiered, grunt_ministairs_13, minivault_26,
          hangedman_abyss_or_decor_slice, nicolae_two_hexagons,
          hangedman_abyss_or_decor_passed
D:14:     wad_floor_pattern_2, lab_entry_generic, minmay_liquid_box
D:15:     grunt_enter_depths_hoard, ashenzari_altar_1
Lair:1:   worms_lemuel
Lair:2:   spider_nest_entry_webs, enter_volcano_3, lemuel_fruit_fields,
          infiniplex_staircase_pool_2, lemuel_fruit_fields, uniq_urug
Lair:3:   swamp_mist_pool, columned_hall_lemuel, uniq_fannar, uniq_rupert
Lair:5:   slime_dummy, lemuel_centaur_altar
Lair:6:   evil_forest
Swamp:1:  evilmike_swamp_ruin_house_6
Swamp:2:  nicolae_swamp_godswood
Swamp:3:  evilmike_swamp_ruin_rubble_2, swamp_pool3,
          nicolae_swamp_necromancer_hut
Swamp:4:  swamp_fiery
Spider:1: spider_trap, zaba_antful_of_joy
Spider:2: uniq_arachne
Spider:3: hangedman_spider_mandibles
Spider:4: spider_rune_water
Orc:1:    special_room, nicolae_orc_lava_tube, uniq_nergalle
Orc:2:    grunt_orc_community_town_hall, grunt_orc_community_big_house_2,
          grunt_orc_community_big_house_1, grunt_orc_community_house_3,
          grunt_orc_community_house_1, grunt_orc_community_house_1,
          grunt_orc_community_house_2, serial_shops, shop, shop
Vaults:1: kb_rosetta, hangedman_vaults_unwind, v_rooms_2,
          nicolae_vaults_little_squares_2, vaults_room_fours, serial_shops,
          shop_statue
Vaults:2: nicolae_vaults_puzzle_piece, minmay_crypt_entry_simple_corners,
          v_misc_1, vaults_room_grunt_arrival_checkpoint,
          nicolae_vaults_yaktaur_gun_rack, vaults_mumra_hex,
          nicolae_vaults_little_ls, v_pattern_2
Vaults:3: v_misc_9, nicolae_vaults_little_squares_2, v_misc_25,
          nicolae_vaults_little_squares_3, hangedman_vaults_hat,
          nicolae_vaults_big_angled_halls, ontoclasm_vaults_ring_square,
          nicolae_vaults_little_squares_4, ontoclasm_vaults_fault,
          ontoclasm_vaults_ring_small, ontoclasm_vaults_pinch,
          portal_desolation_entry_holy_temple, serial_hangedman_research,
          hangedman_research_geology, hangedman_research_electronics,
          hangedman_research_thermodynamics, serial_shops, nicolae_shop_trees,
          uniq_nikola, uniq_sojobo, uniq_aizul, uniq_saint_roka
Vaults:4: v_alt_pattern_3, grunt_vaults_hallway_long, vaults_dpeg_doors,
          v_misc_27, grunt_vaults_hallway_short, grunt_vaults_bifocal,
          nicolae_vaults_alarming, vaults_mumra_lcd,
          ontoclasm_vaults_ring_square, v_misc_13,
          ontoclasm_vaults_water_temple, dpeg_vaults_monster_row,
          nicolae_vaults_specimen_jars, vaults_dpeg_diagonal
Depths:1: grunt_hell_entry_dis_mu, pan_entry, nrook_mini_backslash,
          minmay_misc_feat_room, dpeg_stationary_puzzle, serial_bayou_shore_a
Depths:2: nicolae_whirlpool, enter_ziggurat_a, infiniplex_staircase_x,
          grunt_hell_horde, abyss_entry_small_statue_room, uniq_asterion
Depths:3: hangedman_slaughterboxes, pan_entry, hell_entry
Depths:4: kennysheep_blocky_hall, hangedman_geh_valley, abyss_entry
Abyss:3:  evilmike_abyss_exit_plants, evilmike_abyss_exit_chaos,
          lemuel_flamethrower_2
Lab:      labyrinth_lava_lair
Trove:    trove_books_scrolls
IceCv:    ice_cave_small_demon
Volcano:  volcano_lake

Skill      XL: |  1  2  3  4  5  6  7  8  9 10 11 12 13 14 15 16 17 18 19 20 21 22 |
---------------+-------------------------------------------------------------------+-----
Fighting       | 4 5 6 8 9 10 12 13 14 15 16 17 18 19 20 21 | 21.1
Armour         | 3 4 5 6 7 8 10 11 13 14 15 16 17 18 19 20 | 20.7
Axes           | 4 5 6 8 9 11 12 13 14 15 16 17 18 19 20 21 | 21.3
Dodging        | 3 4 5 6 8 9 11 12 13 14 15 16 17 18 19 | 19.5
Crossbows      | 4 7 9 10 11 13 14 | 14.8
Bows           | 5 7 9 11 12 13 14 15 | 15.0

Action                   |  1- 3 |  4- 6 |  7- 9 | 10-12 | 13-15 | 16-18 | 19-21 | 22-24 || total
-------------------------+-------+-------+-------+-------+-------+-------+-------+-------++-------
Melee: Hand axe          |   128 |   132 |   377 |    27 |       |       |       |       ||   664
       Headbutt          |    21 |    29 |    66 |   147 |   274 |   307 |   294 |   109 ||  1247
       Battleaxe         |       |       |       |   560 |  1096 |   412 |       |       ||  2068
       Spear             |       |       |       |     8 |       |       |       |       ||     8
       Great mace        |       |       |       |     7 |       |       |       |       ||     7
       Executioner's axe |       |       |       |       |       |   727 |  1013 |   261 ||  2001
 Fire: Shortbow          |       |       |       |       |       |     3 |    52 |       ||    55
       Arbalest          |       |       |       |       |       |       |     3 |       ||     3
Invok: Burn Spellbooks   |       |     1 |       |     2 |     5 |     3 |     4 |     6 ||    21
       Brothers in Arms  |       |       |       |       |       |     2 |     2 |     3 ||     7
  Use: Scroll            |     6 |       |    15 |    10 |    14 |    12 |     4 |     9 ||    70
       Potion            |       |       |       |     3 |     7 |     1 |     2 |     2 ||    15
 Stab: Confused          |       |       |       |       |       |     1 |       |       ||     1
       Distracted        |       |       |       |       |       |     1 |     4 |     3 ||     8
  Eat: Chunk             |       |     2 |     2 |     3 |       |     2 |     5 |       ||    14
       Meat ration       |       |     1 |     2 |     1 |     1 |     2 |     4 |     1 ||    12
       Bread ration      |       |       |     1 |     4 |     1 |     3 |     2 |       ||    11
       Royal jelly       |       |       |     1 |     1 |       |       |       |       ||     2
       Fruit             |       |       |       |     3 |    22 |     7 |     1 |     5 ||    38
       Beef jerky        |       |       |       |       |       |     1 |       |       ||     1
       Pizza             |       |       |       |       |       |       |     1 |       ||     1
Armor: Plate armour      |    77 |    84 |   219 |   215 |       |       |       |       ||   595
       Crystal plate arm |       |       |       |   229 |   595 |   975 |   718 |   116 ||  2633
Dodge: Dodged            |    35 |    52 |    90 |   335 |  1018 |  1735 |  1335 |   231 ||  4831
Block: Shield            |       |    18 |   176 |    12 |       |       |       |       ||   206
